 Dungeon Crawl Stone Soup version 0.19.1-1-g22dce08 (webtiles) character file.

336 Jynx the Firebug (level 6, -11/32 HPs)
             Began as a Deep Elf Fire Elementalist on Jan 12, 2017.
             Killed by miscasting Sticky Flame (24 damage)
             ... on level 4 of the Dungeon.
             The game lasted 00:05:10 (3648 turns).

Jynx the Firebug (Deep Elf Fire Elementalist)       Turns: 3648, Time: 00:05:11

Health: -11/32     AC:  3    Str:  5    XL:     6   Next: 28%
Magic:  6/16       EV: 13    Int: 22    God:
Gold:   177        SH:  0    Dex: 15    Spells: 3 memorised, 8 levels left

rFire  . . .     SeeInvis .     (no weapon)
rCold  . . .     Gourm    .     a - +0 robe
rNeg   . . .     Faith    .     (no shield)
rPois  .         Spirit   .     j - +0 helmet
rElec  .         Reflect  .     (no cloak)
rCorr  .         Harm     .     (no gloves)
MR     .....                    (no boots)
Stlth  ++........               e - amulet of inaccuracy (curse)
                                (no ring)
                                (no ring)

@: very slightly contaminated
A: no striking features
a: no special abilities


You were on level 4 of the Dungeon.
You were not hungry.

You visited 1 branch of the dungeon, and saw 4 of its levels.

You collected 177 gold pieces.

Inventory:

Armour
 a - a +0 robe (worn)
 j - a +0 helmet (worn)
Jewellery
 e - a cursed amulet of inaccuracy (around neck)
Scrolls
 m - 3 scrolls of teleportation
Potions
 f - a potion of heal wounds
 i - a potion of resistance
 l - a potion of berserk rage {unknown}
 n - a potion of might {unknown}
 o - a potion of magic {unknown}
 p - a potion of mutation {unknown}
 q - a potion of lignification {unknown}
 s - a potion of curing {unknown}
 t - 2 potions of brilliance {unknown}
Books
 b - a book of Flames

   Spells                             Type                      Level
   a - Flame Tongue                   Conjuration/Fire             1
   b - Throw Flame                    Conjuration/Fire             2
   c - Conjure Flame                  Conjuration/Fire             3
   d - Inner Flame                    Hexes/Fire                   3
   e - Sticky Flame                   Conjuration/Fire             4
   f - Fireball                       Conjuration/Fire             5
Comestibles
 c - 4 bread rations
 g - 2 meat rations
 h - a slice of pizza
 k - 2 beef jerkies
 r - 4 fruits


   Skills:
 - Level 2.4 Dodging
 - Level 2.4 Stealth
 + Level 5.5 Spellcasting
 + Level 3.1 Conjurations
 * Level 5.9 Fire Magic


You had 8 spell levels left.
You knew the following spells:

 Your Spells              Type           Power        Failure   Level  Hunger
a - Flame Tongue          Conj/Fire      ####.        1%          1    None
b - Conjure Flame         Conj/Fire      ####....     6%          3    ##.....
c - Sticky Flame          Conj/Fire      ####....     17%         4    ####...


Dungeon Overview and Level Annotations

Branches:
Dungeon (4/15)
 Temple: D:4-7

Altars:
Nemelex Xobeh
Uskayaw

Annotations:
D:4 Grinder


Message History

Grinder gestures at you. Pain shoots through your body!
Casting: Flame Tongue
Confirm with . or Enter, or press ? or * to list all spells.
Aiming: Flame Tongue
Press: ? - help, Shift-Dir - straight line, f/p - Grinder
Aim: Grinder (heavily wounded)
The flame tongue hits Grinder.
Grinder is severely wounded.
Grinder hits you!
You writhe in agony.
Casting: Flame Tongue
Confirm with . or Enter, or press ? or * to list all spells.
Aiming: Sticky Flame
Press: ? - help, Shift-Dir - straight line, f/p - Grinder
Aim: Grinder (severely wounded)
You miscast Sticky Flame.
You are very lightly contaminated with residual magic.
Energy rips through your body!
Ouch! That really hurt!
You die...

.# #.# .#
#.###########
.#
#...........#
.#
###########.#
.# #.# ># #.#
## #.#
#######.#
#<...5@.#
#########


You could see Grinder.

Vanquished Creatures
  3 howler monkeys (D:4)
  The ghost of BogdanSil the Chiller, a weakling HEIE of Ashenzari (D:3)
  A hound (D:4)
  5 adders
  3 oozes
  4 worms (D:2)
  4 dart slugs
  3 leopard geckos
  6 orcs
  8 bats
  5 giant cockroaches
  6 goblins
  10 hobgoblins
  2 jackals (D:1)
  3 quokkas
  A ball python (D:1)
  3 frilled lizards
  6 kobolds
  A leopard gecko skeleton (D:4)
  4 rats
79 creatures vanquished.

Notes
Turn   | Place    | Note
-------+----------+-------------------------------------------
     0 | D:1      | Jynx the Deep Elf Fire Elementalist began the quest for the Orb.
     0 | D:1      | Reached XP level 1. HP: 10/10 MP: 6/6
   114 | D:1      | Reached XP level 2. HP: 3/15 MP: 0/8
  1172 | D:2      | Reached XP level 3. HP: 19/19 MP: 5/10
  1383 | D:2      | Found a sparkling altar of Nemelex Xobeh.
  1473 | D:2      | Found a hide-covered altar of Uskayaw.
  1778 | D:2      | Reached XP level 4. HP: 24/24 MP: 4/12
  1860 | D:2      | Learned a level 3 spell: Conjure Flame
  1865 | D:2      | Learned a level 4 spell: Sticky Flame
  2314 | D:3      | Found a faded altar of an unknown god.
  2772 | D:3      | Noticed BogdanSil's ghost (weakling HEIE)
  2779 | D:3      | Killed BogdanSil's ghost
  2779 | D:3      | Reached skill level 5 in Fire Magic
  2779 | D:3      | Reached XP level 5. HP: 16/28 MP: 8/14
  3265 | D:4      | Reached skill level 5 in Spellcasting
  3555 | D:4      | Reached XP level 6. HP: 32/32 MP: 13/16
  3640 | D:4      | Noticed Grinder
  3648 | D:4      | Killed by miscasting Sticky Flame

Skill      XL: |  1  2  3  4  5 |
---------------+----------------+-----
Fire Magic     | 4 5 |  5.9
Spellcasting   | 4 5 |  5.5
Conjurations   | 2 3 |  3.1
Dodging        | |  2.4
Stealth        | |  2.4

Action                   |  1- 3 |  4- 6 || total
-------------------------+-------+-------++-------
Melee: Unarmed           |     5 |       ||     5
 Cast: Flame Tongue      |    87 |   103 ||   190
  Use: Scroll            |     3 |     7 ||    10
  Eat: Chunk             |     2 |     6 ||     8
Armor: Robe              |     8 |     4 ||    12
Dodge: Dodged            |    28 |    16 ||    44
